Map: Dusk Towers

Players

hinOismad

  • Race: Zerg Zerg
  • League: Grandmaster

Miszu - Winner!

  • Race: Terran Terran
  • League: Grandmaster

VOD

Have the link to the VOD?

Description

Time

  • Played on: May 17, 2016, 7:30 a.m.
  • Length: 9:55
Show
View Real Time Build Order
Export as new Build Order

hinOismad Zerg 

Build Orders: Hatch First, Muta Ling Bane 

Get SALT Encoding   

  12  0:01  Drone  
  13  0:08  Drone  
  14  0:17  Overlord  
  14  0:22  Extractor  
  14  0:23  Drone  
  15  0:35  Drone x2  
  17  0:53  Hatchery  
  17  0:56  Drone  
  17  1:02  Extractor, Drone  
  17  1:15  Spawning Pool  
  17  1:18  Drone  
  17  1:21  Drone  
  18  1:27  Drone  
  19  1:38  Overlord  
  19  1:48  Drone  
  20  1:59  Drone  
  20  2:01  Queen  
  21  2:04  Zergling x2  
  21  2:05  Metabolic Boost  
  24  2:09  Zergling x2  
  24  2:12  Queen  
  27  2:16  Drone  
  27  2:20  Drone  
  29  2:26  Drone  
  30  2:31  Drone  
  31  2:37  Drone  
  31  2:43  Queen  
  34  2:44  Overlord  
  34  2:50  Drone  
  35  2:57  Drone  
  36  3:03  Drone x2  
  38  3:12  Overlord  
  38  3:13  Drone x3  
  38  3:18  Hatchery  
  40  3:23  Drone x3  
  40  3:24  Drone  
  43  3:32  Overlord  
  43  3:34  Drone x2  
  45  3:37  Extractor  
  44  3:42  Drone x3  
  44  3:45  Overlord  
  44  3:47  Drone  
  48  3:53  Roach Warren  
  47  3:55  Zergling x2  
  47  3:56  Zergling x4  
  47  3:59  Drone x2  
  52  4:03  Extractor  
  52  4:05  Extractor  
  52  4:07  Lair  
  52  4:08  Zergling x2  
  52  4:09  Zergling x2  
  52  4:11  Drone  
  52  4:12  Drone x2  
  55  4:18  Drone x2  
  57  4:29  Overlord  
  57  4:32  Drone  
  57  4:33  Queen  
  57  4:37  Roach x4  
  68  4:40  Overlord  
  68  4:42  Drone  
  69  4:46  Drone x3  
  71  4:55  Roach x2  
  71  4:58  Ravager x4  
  77  5:05  Overseer  
  75  5:07  Spore Crawler  
  75  5:08  Spore Crawler  
  75  5:09  Spore Crawler  
  75  5:12  Drone  
  75  5:14  Drone x3  
  76  5:15  Drone  
  77  5:27  Drone  
  77  5:28  Drone x2  
  80  5:29  Spire  
  80  5:31  Drone  
  80  5:32  Drone x2  
  80  5:33  Evolution Chamber x2  
  80  5:41  Overlord  
  80  5:42  Drone x3  
  83  5:48  Drone  
  83  5:49  Drone x2  
  86  5:51  Drone  
  86  5:54  Drone x2  
  86  5:57  Baneling Nest, Drone x2  
  88  6:16  Drone  
  86  6:20  Drone x2  
  86  6:21  Drone  
  86  6:23  Zerg Melee Weapons Level 1, Zerg Ground Armor Level 1  
  86  6:25  Overlord x2  
  89  6:26  Drone  
  89  6:29  Extractor x2  
  84  6:37  Drone x5  
  84  6:39  Drone x4  
  88  6:43  Mutalisk x2  
  85  6:59  Mutalisk x4  
  89  7:07  Drone  
  91  7:08  Drone x4  
  91  7:11  Drone x2  
  91  7:15  Centrifical Hooks  
  96  7:18  Mutalisk  
  96  7:20  Mutalisk  
  100  7:23  Zerg Flyer Weapons Level 1  
  100  7:26  Drone  
  100  7:28  Overlord  
  100  7:29  Overlord  
  101  7:31  Zergling x2  
  101  7:35  Zergling x6  
  105  7:46  Overlord  
  105  7:47  Overlord  
  105  7:51  Zergling x8  
  106  7:54  Drone  
  106  7:56  Hatchery  
  109  7:59  Zergling x14  
  109  8:02  Baneling x5  
  116  8:08  Zergling x10  
  121  8:17  Drone x4  
  125  8:22  Drone  
  125  8:24  Mutalisk x3  
  132  8:27  Infestation Pit  
  132  8:28  Baneling x9  
  132  8:30  Drone  
  132  8:32  Drone  
  132  8:33  Drone x2  
  135  8:34  Drone  
  135  8:38  Baneling  
  135  8:39  Baneling x6  
  135  8:40  Drone  
  137  8:45  Overlord x2  
  137  8:46  Overlord  
  137  8:50  Extractor  
  137  8:52  Extractor  
  135  8:57  Corruptor  
  134  9:12  Mutalisk x5  
  134  9:13  Mutalisk  
  117  9:24  Drone x3  
  117  9:25  Drone x2  
  117  9:26  Drone  
Show
View Real Time Build Order
Export as new Build Order

Miszu Terran - Winner!

Build Orders: Reaper Expand, Hellion Banshee 

Get SALT Encoding   

  12  0:00  SCV  
  13  0:13  SCV  
  14  0:17  Supply Depot  
  14  0:25  SCV  
  15  0:38  SCV  
  15  0:41  Barracks  
  16  0:45  Refinery  
  16  0:50  SCV  
  17  1:02  SCV  
  18  1:15  SCV  
  19  1:28  Orbital Command  
  19  1:29  Reaper  
  20  1:40  Command Center  
  20  1:50  Supply Depot  
  20  1:53  SCV  
  21  2:01  Marine  
  22  2:04  Factory  
  22  2:08  SCV  
  23  2:14  Refinery  
  23  2:20  SCV  
  23  2:22  Barracks Reactor  
  24  2:32  SCV  
  26  2:44  SCV  
  26  2:52  Starport  
  26  2:55  Orbital Command  
  26  2:56  SCV  
  27  3:03  Hellion x2  
  27  3:04  Barracks Tech Lab  
  31  3:08  SCV  
  32  3:16  Supply Depot  
  32  3:20  SCV  
  32  3:24  SCV  
  34  3:31  Hellion x2  
  34  3:32  SCV  
  38  3:36  SCV  
  38  3:38  Banshee  
  38  3:39  Barracks Reactor  
  42  3:44  SCV  
  43  3:49  SCV  
  43  3:55  Command Center  
  44  3:57  SCV  
  44  4:01  SCV  
  46  4:04  Supply Depot  
  46  4:09  SCV  
  47  4:10  Refinery  
  47  4:12  Refinery  
  47  4:13  SCV  
  47  4:15  Armory  
  48  4:20  Liberator  
  48  4:21  Liberator, SCV  
  49  4:25  SCV  
  50  4:33  SCV  
  50  4:36  Supply Depot  
  50  4:38  SCV  
  58  4:44  Hellion  
  58  4:45  Hellion  
  62  4:58  SCV x2  
  64  5:06  Liberator x2  
  68  5:07  Hellion x2  
  69  5:16  SCV, Orbital Command  
  69  5:17  Supply Depot  
  69  5:19  Terran Ship Weapons Level 1, SCV  
  77  5:28  SCV  
  77  5:31  SCV  
  77  5:35  Hellion x2  
  82  5:38  Orbital Command  
  82  5:40  SCV  
  83  5:43  SCV  
  84  5:52  SCV  
  84  5:55  SCV  
  86  5:57  Starport  
  86  5:58  Starport  
  86  5:59  Refinery, Liberator x2  
  86  6:04  Refinery, SCV  
  93  6:23  SCV x3  
  93  6:37  SCV x3  
  90  6:41  Starport Tech Lab, Banshee  
  90  6:43  Hellion x2, Liberator x2  
  89  6:50  SCV x3  
  92  6:59  Engineering Bay  
  93  7:05  Fusion Core  
  93  7:07  Supply Depot  
  93  7:08  Banshee  
  93  7:09  Supply Depot, SCV x3  
  93  7:10  Supply Depot, Hellion  
  101  7:21  Terran Ship Weapons Level 2  
  101  7:26  Liberator  
  101  7:29  Hellion, SCV x3, Banshee  
  109  7:31  Supply Depot, Hellion  
  109  7:32  Supply Depot  
  109  7:35  Supply Depot  
  111  7:37  Missile Turret  
  111  7:40  Missile Turret  
  111  7:41  SCV x3  
  111  7:42  Liberator, Missile Turret  
  117  7:46  Command Center  
  117  7:50  Starport  
  117  7:51  Hellion  
  119  7:52  Starport  
  119  7:55  Hellion x3  
  119  7:56  Hellion  
  119  7:57  Hyperflight Rotors, Banshee  
  122  8:04  Supply Depot  
  125  8:06  Supply Depot  
  125  8:17  Liberator  
  125  8:24  Banshee  
  128  8:29  Supply Depot, Liberator  
  128  8:30  Supply Depot  
  128  8:31  Starport Tech Lab x2  
  128  8:36  Advanced Ballistics  
  131  8:47  Banshee  
  137  8:52  Hellion x2  
  141  8:56  Factory  
  135  9:19  Hellion  
Tags
 
Add a new tag
Caveats
  • Supply blocks, unpowered buildings, or Contaminate may cause inaccurate times.
  • Supply counts are checked every 10 seconds.